 Dungeon Crawl Stone Soup version 0.31-a0-496-g6f97920a28 (webtiles) character file.

Game seed: 9655139715581320349

22443 RepHenryClay the Devastator (level 13, -7/63 HPs)
             Began as a Tengu Air Elementalist on Aug 8, 2023.
             Was a High Priest of Vehumet.
             Engulfed by a cloud of freezing vapour (12 damage)
             ... in an ice cave on Aug 9, 2023.
             The game lasted 00:49:01 (21352 turns).

RepHenryClay the Devastator (TeAE)                 Turns: 21352, Time: 00:49:02

Health: -7/63      AC:  3    Str:  9    XL:     13   Next: 0%
Magic:  17/26      EV: 29    Int: 20    God:    Vehumet [*****.]
Gold:   493        SH:  0    Dex: 23    Spells: 4/28 levels left

rFire   . . .        a - +2 dagger (venom)
rCold   + . .        (no shield)
rNeg    . . .        L - +0 robe {rC+}
rPois   .            (helmet restricted)
rElec   .            E - +0 cloak
rCorr   .            (no gloves)
SInv    .            (boots unavailable)
Will    +....        d - amulet "Qur Pog" {Regen+ Dex+2}
Stlth   ++           F - ring of willpower
HPRegen 1.10/turn    D - +6 ring of dexterity
MPRegen 0.20/turn

%: no passive effects
@: flying quickly and evasively, quick
A: beak, talons 3, nimble flight
a: Renounce Religion


You were in an ice cave.
You worshipped Vehumet.
Vehumet was extremely pleased with you.
You visited 3 branches of the dungeon, and saw 14 of its levels.
You visited the Abyss 1 time.
You also visited: Bailey and Ice Cave.

You collected 787 gold pieces.
You spent 294 gold pieces at shops.

Inventory:

Hand Weapons
 a - a +2 dagger of venom (weapon)
 v - a +3 mace of freezing
 z - a +2 dire flail of freezing
Missiles
 C - a throwing net
Armour
 E - a +0 cloak (worn)
 L - a +0 robe of cold resistance (worn)
 N - a +1 leather armour of willpower
Jewellery
 c - a ring of willpower
 d - the amulet "Qur Pog" (around neck) {Regen+ Dex+2}
   (You acquired it in a bailey)

   [amulet of regeneration]

   Dex:       It affects your dexterity (+2).
   Regen:     It increases your rate of health regeneration.
 l - an amulet of faith
 x - a ring of protection from fire
 y - a ring of wizardry
 D - a +6 ring of dexterity (right hand)
 F - a ring of willpower (left hand)
 G - a ring of protection from fire
 O - a ring of resist corrosion
Wands
 n - a wand of flame (68)
Scrolls
 j - a scroll of fear
 k - 2 scrolls of amnesia
 q - 8 scrolls of enchant weapon
 t - 2 scrolls of blinking
 B - 2 scrolls of brand weapon
 H - 3 scrolls of silence
 I - 2 scrolls of poison
 J - a scroll of teleportation
 K - a scroll of torment
 M - a scroll of enchant armour
Potions
 b - a potion of magic
 e - a potion of cancellation
 f - 4 potions of lignification
 g - 2 potions of might
 h - 7 potions of curing
 m - a potion of brilliance
 o - 2 potions of enlightenment
 p - 2 potions of invisibility
 r - 4 potions of heal wounds
 s - a potion of mutation
 u - a potion of berserk rage
 w - 3 potions of attraction
 A - 2 potions of haste
 P - a potion of ambrosia {unknown}


   Skills:
 - Level 14.3 Dodging
 - Level 2.0 Stealth
 + Level 8.3 Spellcasting
 - Level 16.2 Conjurations
 - Level 7.9 Air Magic
 - Level 5.0 Poison Magic


You had 4 spell levels left.
You knew the following spells:

 Your Spells              Type           Power      Damage    Failure   Level
a - Shock                 Conj/Air       100%       1d9       1%          1
c - Swiftness             Air            40%        N/A       1%          3
d - Orb of Destruction    Conj           32%        9d10      2%          7
e - Searing Ray           Conj           100%       2d8       0%          2
f - Mephitic Cloud        Conj/Pois/Air  47%        N/A       1%          3
g - Olgreb's Toxic Radia  Pois           28%        N/A       3%          4
h - Iskenderun's Mystic   Conj/Tloc      40%        2d9       1%          4

Your spell library contained the following spells:

 Spells                   Type           Power      Damage    Failure   Level
 Arcjolt                  Conj/Air       27%        1d37      1%          5
 Magic Dart               Conj           100%       1d8       0%          1
 Static Discharge         Conj/Air       100%       2-7/arc   1%          2
 Dazzling Flash           Conj/Hex       80%        N/A       1%          3
 Hailstorm                Conj/Ice       40%        3d10      1%          3
 Airstrike                Air            20%        2d(3-19)  1%          4
 Fulminant Prism          Conj/Hex       20%        3d12      1%          4
 Volatile Blastmotes      Fire/Tloc      16%        2d11      7%          3
 Apportation              Tloc           16%        N/A       9%          1
 Summon Small Mammal      Summ           32%        N/A       9%          1
 Call Canine Familiar     Summ           8%         N/A       26%         3
 Summon Guardian Golem    Hex/Summ       8%         N/A       26%         3
 Leda's Liquefaction      Hex/Erth       4%         N/A       63%         4
 Summon Ice Beast         Ice/Summ       8%         N/A       63%         4
 Leda's Unmaking          Conj/Erth      20%        9d4       12%         6
 Silence                  Hex/Air        12%        N/A       41%         5
 Lee's Rapid Deconstruct  Erth           4%         3d5*      50%         5
 Spellforged Servitor     Conj/Summ      20%        N/A       50%         7
 Alistair's Intoxication  Tmut/Pois      12%        N/A       63%         5
 Agony                    Necr           8%         N/A       93%         5
 Summon Mana Viper        Hex/Summ       8%         N/A       93%         5
 Simulacrum               Ice/Necr       4%         N/A       100%        6
 Monstrous Menagerie      Summ           4%         N/A       100%        7


Dungeon Overview and Level Annotations

Branches:
Dungeon (12/15)            Temple (1/1) D:5            Lair (1/5) D:10
    Orc (0/2) D:12         Bailey (visited)           IceCv (1/1)

Altars:
Ashenzari
Cheibriados
Dithmenos
Elyvilon
Fedhas
Gozag
Hepliaklqana
Kikubaaqudgha
Makhleb
Nemelex Xobeh
Okawaru
Qazlal
Ru
Sif Muna
Trog
Uskayaw
Vehumet
Wu Jian
Xom
Yredelemnul
Zin
The Shining One

Shops:
D:9 ?

Annotations:
D:6 1 runed translucent door, Crazy Yiuf
D:11 1 runed translucent door, jasper's ghost, journeyman DsCA
Lair:1 Maggie


Innate Abilities, Weirdness & Mutations

You have a beak for a mouth.
You have claws for feet.
Your magical nature lets you fly swiftly and evasively.


Message History

Huge Dmg: -21%(-13hp) hp: 51%(32hp)
Casting: Iskenderun's Mystic Blast (dangerous; 1% risk of failure)
Confirm with . or Enter, or press ? or * to list all spells.
You erupt in a blast of force!
The mystic blast hits the dire elephant simulacrum!
The dire elephant simulacrum is moderately damaged.
The dire elephant simulacrum is knocked back by the mystic blast.
The dire elephant simulacrum slams into the ice covered rock wall!
The dire elephant simulacrum is heavily damaged.
The mystic blast hits the ice devil!
The ice devil is lightly wounded.
The ice devil is knocked back by the mystic blast.
The mystic blast hits the harpy simulacrum.
The harpy simulacrum is severely damaged.
The harpy simulacrum is knocked back by the mystic blast.
You hear a shout!
An ufetubus comes into view.
You are engulfed in freezing vapours.
You resist.
The harpy simulacrum completely misses you.
The harpy simulacrum claws you. The harpy simulacrum freezes you! You resist.
* * * LOW HITPOINT WARNING * * *
Huge Dmg: -25%(-16hp) hp: 29%(18hp)
The harpy simulacrum attacks as you move away!
The harpy simulacrum misses you.
The harpy simulacrum claws you but does no damage.
The harpy simulacrum claws you!
* * * LOW HITPOINT WARNING * * *
The harpy simulacrum freezes you. You resist.
* * * LOW HITPOINT WARNING * * *
The harpy simulacrum closely misses you.
Huge Dmg: -21%(-13hp) hp: 8%(5hp)
Casting: Iskenderun's Mystic Blast (dangerous; 1% risk of failure)
Confirm with . or Enter, or press ? or * to list all spells.
You erupt in a blast of force!
The mystic blast hits the harpy simulacrum!
The harpy simulacrum vaporises!
Vehumet accepts your kill.
You feel your power returning.
You are engulfed in freezing vapours.
You resist.
You die...

###..#. ...#.... ##.
##.....###..#..###. #..
##..........4#4..... #..
#.......##.Z....## ##.
##.......##......### ##
##......○#........# #
##.....○####..##... ##
###..○°.§§☼§##... #.
###...#@§§....# ####.
##§☼§☼°§.#### ###.#..
###§§####### ###......
##.§§## ###........
##..§############..........
##..§##[..##.........#......
#..###)...........#.###.....
#...##.....##..###### ##....
##..####....##...# #####


There were no monsters in sight!

Vanquished Creatures
  A centaur warrior (D:9)
  Erica (D:8)
  A tengu warrior (D:9)
  3 two-headed ogres
  A wizard (D:12)
  An ugly thing (D:12)
  An orc knight (Bailey)
  A cyclops (D:9)
  4 manticores
  Maurice (D:8)
  2 ice statues (IceCv)
  2 gargoyles (D:12)
  2 unseen horrors (D:10)
  A rime drake (D:10)
  2 kobold demonologists (Bailey)
  2 ice devils (IceCv)
  2 trolls
  A polar bear (D:10)
  3 slime creatures (D:12)
  2 wyverns
  3 wraiths
  21 yaks
  A steam dragon (D:6)
  2 vampire mosquitoes (D:12)
  2 death yak simulacra (IceCv)
  A swamp worm (shapeshifter) (D:9)
  2 harpy simulacra (IceCv)
  2 water moccasins
  14 orc warriors
  6 ice beasts
  A black bear (D:5)
  2 sky beasts
  3 wolves
  4 ogres
  5 centaurs
  5 phantoms
  3 kobold brigands
  4 bullfrogs
  4 scorpions
  2 water moccasin zombies (D:4)
  9 wights
  3 killer bees (D:11)
  4 electric eels (Bailey)
  A howler monkey (D:7)
  A centaur zombie (D:4)
  2 gnoll boudas
  A hound (D:6)
  2 jellies
  A bullfrog zombie (D:4)
  An orc priest (D:6)
  Jessica (D:3)
  A centaur skeleton (D:4)
  2 iguanas (D:4)
  A sleepcap (D:7)
  13 orc wizards
  2 scorpion zombies (D:4)
  2 troll simulacra (IceCv)
  2 polar bear simulacra
  5 spriggan simulacra (IceCv)
  A wolf simulacrum (IceCv)
  A hound zombie (D:4)
  2 hound skeletons (D:4)
  16 gnolls
  9 adders
  2 naga simulacra (IceCv)
  A shadow imp (D:7)
  3 ufetubi (D:6)
  3 adder zombies (D:4)
  2 worms
  6 dart slugs
  53 orcs
  8 endoplasms
  A giant cockroach (D:1)
  19 goblins
  13 hobgoblins
  4 jackals (D:1)
  4 quokkas
  4 ball pythons
  8 bats
  2 frilled lizards (D:3)
  29 kobolds
  6 rats
372 creatures vanquished.

Vanquished Creatures (others)
  A wizard (D:9)
  2 starspawn tentacles (Abyss:2)
3 creatures vanquished.

Grand Total: 375 creatures vanquished

Notes
Turn   | Place    | Note
-------+----------+-------------------------------------------
     0 | D:1      | RepHenryClay the Tengu Air Elementalist began the quest for
                  | the Orb.
     0 | D:1      | Reached XP level 1. HP: 10/10 MP: 4/4
   108 | D:1      | Reached skill level 2 in Conjurations
   213 | D:1      | Reached XP level 2. HP: 14/15 MP: 1/6
   226 | D:1      | Reached skill level 3 in Conjurations
   414 | D:1      | Reached XP level 3. HP: 19/19 MP: 3/7
   566 | D:1      | Reached skill level 4 in Conjurations
  1602 | D:2      | Reached XP level 4. HP: 21/24 MP: 1/8
  2387 | D:3      | Reached skill level 5 in Conjurations
  2760 | D:3      | Reached skill level 5 in Air Magic
  2781 | D:3      | Gained mutation: Your magical nature lets you fly swiftly
                  | and evasively. [Tengu growth]
  2781 | D:3      | Reached XP level 5. HP: 28/28 MP: 3/9
  2906 | D:3      | Noticed Jessica
  2909 | D:3      | Killed Jessica
  3143 | D:3      | Learned a level 2 spell: Static Discharge
  3147 | D:3      | Learned a level 3 spell: Swiftness
  3237 | D:3      | Reached skill level 6 in Conjurations
  3237 | D:3      | Reached XP level 6. HP: 32/32 MP: 2/10
  3891 | D:3      | Reached skill level 7 in Conjurations
  4647 | D:4      | Reached XP level 7. HP: 31/36 MP: 0/11
  4838 | D:4      | Reached skill level 8 in Conjurations
  4983 | D:4      | Found a snail-covered altar of Cheibriados.
  5394 | D:4      | Reached XP level 8. HP: 24/41 MP: 2/13
  6511 | D:5      | Entered Level 5 of the Dungeon
  6523 | D:5      | Reached skill level 5 in Dodging
  7001 | D:5      | Found a staircase to the Ecumenical Temple.
  7010 | D:5      | Learned a level 7 spell: Orb of Destruction
  7058 | Temple   | Entered the Ecumenical Temple
  7067 | Temple   | Became a worshipper of Vehumet
  7124 | D:5      | Reached skill level 5 in Spellcasting
  7284 | D:5      | Reached XP level 9. HP: 45/45 MP: 12/18
  7902 | D:6      | Found a white marble altar of Elyvilon.
  8132 | D:6      | Found a sacrificial altar of Ru.
  8304 | D:6      | Found a hide-covered altar of Uskayaw.
  8307 | D:6      | Found an opulent altar of Gozag.
  8312 | D:6      | Found a shadowy altar of Dithmenos.
  8870 | D:6      | Reached * piety under Vehumet
  8870 | D:6      | Offered knowledge of Sandblast by Vehumet.
  9461 | D:6      | Found a runed translucent door.
  9462 | D:6      | Noticed Crazy Yiuf
  9678 | D:7      | Learned a level 2 spell: Searing Ray
  9707 | D:7      | Reached skill level 9 in Conjurations
 10524 | D:8      | Noticed Erica
 10542 | D:8      | Killed Erica
 10543 | D:8      | Reached skill level 10 in Conjurations
 10543 | D:8      | Reached XP level 10. HP: 43/50 MP: 20/20
 10763 | D:8      | Noticed Maurice
 10777 | D:8      | Killed Maurice
 10943 | D:8      | Reached skill level 10 in Dodging
 11033 | D:8      | Noticed a two-headed ogre
 11216 | D:7      | Offered knowledge of Kiss of Death by Vehumet.
 11316 | D:8      | Killed a two-headed ogre
 11317 | D:8      | Reached skill level 11 in Conjurations
 11364 | D:8      | Reached ** piety under Vehumet
 12345 | D:9      | Found Oqaeli's Magic Scroll Boutique.
 12354 | D:9      | Bought 3 scrolls of identify for 84 gold pieces
 12354 | D:9      | Bought a scroll of enchant armour for 105 gold pieces
 12354 | D:9      | Bought a scroll of blinking for 105 gold pieces
 12382 | D:9      | Found a flagged portal.
 12401 | Bailey   | Entered a bailey
 12724 | Bailey   | Noticed a kobold demonologist
 12742 | Bailey   | Noticed a soul eater
 12742 | Bailey   | Killed a kobold demonologist
 12991 | Bailey   | Reached skill level 12 in Conjurations
 13586 | Bailey   | Reached XP level 11. HP: 54/54 MP: 19/21
 13591 | Bailey   | Noticed an orc knight
 13633 | Bailey   | Noticed a sixfirhy
 13710 | Bailey   | Acquired the amulet "Qur Pog" {Regen+ Dex+2}
 13803 | Bailey   | Found an iron altar of Okawaru.
 14144 | Bailey   | Killed an orc knight
 14145 | Bailey   | Reached skill level 13 in Conjurations
 14183 | Bailey   | Offered knowledge of Mephitic Cloud by Vehumet.
 14189 | Bailey   | Learned a level 3 spell: Mephitic Cloud
 14405 | D:9      | Noticed a cyclops
 14625 | D:9      | Found a blossoming altar of Fedhas.
 14787 | D:9      | Killed a cyclops
 14934 | D:9      | Found an ancient bone altar of Kikubaaqudgha.
 15076 | D:9      | Reached *** piety under Vehumet
 15207 | D:9      | Found a bloodstained altar of Trog.
 15209 | D:9      | Noticed a wizard
 15214 | D:9      | Killed a wizard
 15314 | D:9      | Noticed a two-headed ogre
 15323 | D:9      | Killed a two-headed ogre
 15406 | D:9      | Noticed a manticore
 15422 | D:9      | Noticed a tengu warrior
 15437 | D:9      | Noticed a centaur warrior
 15439 | D:9      | Killed a tengu warrior
 15440 | D:9      | Reached skill level 14 in Conjurations
 15458 | D:9      | Killed a centaur warrior
 15580 | D:9      | Noticed a faun
 15731 | D:9      | a faun changed into a deep troll
 15731 | D:9      | Noticed a deep troll (shapeshifter)
 15764 | D:9      | a deep troll changed into a swamp worm
 15832 | D:9      | Killed a manticore
 15879 | D:10     | Entered Level 10 of the Dungeon
 16095 | D:10     | Offered knowledge of Inner Flame by Vehumet.
 16331 | D:10     | Found a shimmering altar of Xom.
 16608 | D:10     | Reached skill level 15 in Conjurations
 16713 | D:10     | Reached XP level 12. HP: 48/59 MP: 14/22
 16802 | D:10     | Found a staircase to the Lair.
 17561 | D:11     | Reached **** piety under Vehumet
 17690 | D:11     | Offered knowledge of Olgreb's Toxic Radiance by Vehumet.
 17710 | D:10     | Learned a level 4 spell: Olgreb's Toxic Radiance
 17824 | D:11     | Noticed jasper's ghost (journeyman DsCA)
 17827 | D:11     | Noticed a two-headed ogre
 17831 | D:11     | Killed a two-headed ogre
 17884 | D:11     | Found a runed translucent door.
 18576 | D:12     | Found a staircase to the Orcish Mines.
 18826 | Abyss:2  | Cast into level 2 of the Abyss (a wizard)
 18923 | Abyss:2  | Noticed a tentacled starspawn
 18939 | Abyss:2  | Noticed a rakshasa
 18973 | D:12     | Escaped the Abyss
 19690 | D:12     | Reached skill level 5 in Poison Magic
 19692 | D:12     | Reached skill level 16 in Conjurations
 20054 | Lair:1   | Entered Level 1 of the Lair of Beasts
 20054 | Lair:1   | Found a frozen archway.
 20062 | D:10     | Learned a level 4 spell: Iskenderun's Mystic Blast
 20066 | Lair:1   | Noticed Maggie
 20076 | IceCv    | Entered an ice cave
 20221 | IceCv    | Reached ***** piety under Vehumet
 20239 | IceCv    | Offered knowledge of Arcjolt by Vehumet.
 21181 | IceCv    | Reached XP level 13. HP: 58/63 MP: 10/26
 21341 | IceCv    | Identified the ring "Pinwuad" {Contam rC+ Int+7 Dex-3 SInv}
 21341 | IceCv    | Noticed a reaper
 21352 | IceCv    | Engulfed by a cloud of freezing vapour

Illustrated notes

Levels and vault maps discovered:
D:1:      lightli_arrival_maybe_door_vault, layout_loops_ring, minivault_11
D:2:      layout_basic
D:3:      minmay_diamond_boxcup, layout_loops_ring, kennysheep_jessica_study
D:4:      layout_cave_pools, mainiacjoe_overflow_surrounded_room, serial_undead,
          serial_undead_d, serial_undead_e, serial_undead_c, serial_undead_f,
          serial_undead_c, serial_undead_b, serial_undead_f
D:5:      layout_loops_cross, minmay_temple_entry_overgrown
D:6:      kennysheep_spiral_hall, layout_loops_ring,
          mainiacjoe_overflow_six_doors_small, marbit_many_paths,
          grunt_temple_overflow_diamond, uniq_crazy_yiuf_cottage
D:7:      layout_loops_ring
D:8:      layout_basic, reono_crystal_passage, uniq_maurice, uniq_erica
D:9:      minmay_chambers_of_sixes, layout_irregular_city, fedhas_altar_3,
          pf_just_have_faith, trog_wizard, serial_shops, shop, enter_bailey_3,
          nicolae_wwwww, chequers_decorated_corner
D:10:     layout_irregular_city, mainiacjoe_overflow_brackets,
          hellmonk_lair_entry_icy, minivault_23
D:11:     layout_small_grid, hellmonk_ghost_big_iron
D:12:     layout_roguey, hiddenorc2_lemuel
Temple:   hc_temple_tempest_star
Lair:1:   layout_regular_city, portal_ice_cave_entry_ice_simulacra,
          st_stairs_13, infiniplex_staircase_pool_2, serial_bayou_shore_b,
          uniq_maggie
IceCv:    ice_cave_small_demon

Skill      XL: |  1  2  3  4  5  6  7  8  9 10 11 12 |
---------------+-------------------------------------+-----
Conjurations   | 2 3 4 5 6 7 8 10 12 15 16 | 16.2
Air Magic      | 5 6 7 |  7.9
Dodging        | 3 6 9 11 13 14 | 14.3
Spellcasting   | 5 6 8 |  8.3
Poison Magic   | 5 |  5.0
Stealth        | |  2.0

Action                     |  1- 3 |  4- 6 |  7- 9 | 10-12 | 13-15 || total
---------------------------+-------+-------+-------+-------+-------++-------
  Melee: Unarmed           |    38 |       |       |       |       ||    38
         Kick              |    13 |     1 |    26 |   129 |       ||   169
         Peck              |     2 |       |    22 |    69 |       ||    93
         Mace              |       |     2 |     7 |       |       ||     9
         Dagger            |       |       |    60 |   285 |       ||   345
         Punch             |       |       |     1 |     5 |       ||     6
   Cast: Shock             |    77 |   122 |   298 |   456 |     6 ||   959
         Static Discharge  |       |       |    20 |    91 |       ||   111
         Swiftness         |       |       |     3 |     2 |       ||     5
         Searing Ray       |       |       |     1 |    20 |       ||    21
         Mephitic Cloud    |       |       |       |    21 |       ||    21
         Orb of Destructio |       |       |       |    25 |       ||    25
         Iskenderun's Myst |       |       |       |    19 |     3 ||    22
         Olgreb's Toxic Ra |       |       |       |     3 |       ||     3
  Evoke: Wand              |       |       |     4 |    24 |       ||    28
    Use: Potion            |     1 |       |     5 |     4 |       ||    10
         Scroll            |       |       |     9 |    20 |       ||    29
   Stab: Invisible         |       |       |     2 |       |       ||     2
         Confused          |       |       |       |     3 |       ||     3
         Distracted        |       |       |       |     1 |       ||     1
         Sleeping          |       |       |       |     2 |       ||     2
 Armour: Robe              |    15 |     3 |    12 |    29 |     4 ||    63
  Dodge: Dodged            |    45 |    15 |   148 |   537 |    36 ||   781

Table legend: (Time is in decaauts)
 A = Elapsed time spent in this place.
 B = Non-inter-level travel time spent in this place.
 C = Inter-level travel time spent in this place.
 D = Time resting spent in this place.
 E = Time spent auto-exploring this place.
 F = Levels seen in this place.
 G = Mean time per level.
                   A        B        C        D        E       F      G
               +--------+--------+--------+--------+--------+-----+--------+
         Total |  20484 |  19651 |    833 |   3692 |  12434 |  17 | 1204.9 |
       Dungeon |  17126 |  16308 |    818 |   1848 |  12059 |  12 | 1427.2 |
        Temple |     88 |     73 |     15 |     69 |      0 |   1 |   88.0 |
          Lair |     14 |     14 |      0 |      0 |      0 |   1 |   14.0 |
         Abyss |    135 |    135 |      0 |     38 |      0 |   1 |  135.0 |
        Bailey |   1862 |   1862 |      0 |   1068 |    158 |   1 | 1862.0 |
      Ice Cave |   1256 |   1256 |      0 |    668 |    216 |   1 | 1256.0 |
               +--------+--------+--------+--------+--------+-----+--------+

Top non-repeatable levels by time:
     D:3: 2372 daAuts
  Bailey: 1862 daAuts
     D:6: 1786 daAuts
     D:4: 1700 daAuts
     D:9: 1533 daAuts
    D:10: 1528 daAuts
     D:8: 1527 daAuts
   IceCv: 1256 daAuts
     D:1: 1246 daAuts
    D:11: 1230 daAuts
     D:2: 1123 daAuts
     D:7: 1119 daAuts
    D:12: 1093 daAuts
     D:5: 865 daAuts
 Abyss:2: 135 daAuts
